General information
- name: BNet
- type: Ladder team game (AT/RT)
- host: Battle.net
- saver: christmascoal
map: Cherryville
- players: 8
- length: 23:04
- speed: Fast
- version: 1.27 W3XP
- replay type: Public
» download(140 KB)
Players
team 1 (loser)

»
mag1cian (
pink | 31 APM | 541 actions | 17:29)
3 Priestess of the Moon
2 Trueshot Aura
1 Searing Arrows
» actions
| Build / train | 55 | |
| ESC pressed | 1 | |
| Enter build submenu | 17 | |
| Enter hero's abilities submenu | 2 | |
| Remove unit from queue | 1 | |
| Right click | 251 | |
| Select / deselect | 191 | |
| Use ability | 23 | |
541 total
» units
| Wisp | 17 | |
| Archer | 5 | |
| Huntress | 2 | |
| Dryad | 10 | |
| Hippogryph | 9 | |
43 total
» upgrades
| Strength of the Moon | 1 | |
| Strength of the Wild | 2 | |
| Abolish Magic | 1 | |
| Reinforced Hides | 1 | |
5 total
» buildings
| Moon Well | 6 | |
| Altar of Elders | 1 | |
| Ancient of War | 2 | |
| Hunter's Hall | 1 | |
| Tree of Ages | 1 | |
| Ancient of Wonders | 1 | |
| Ancient of Lore | 2 | |
| Ancient of Wind | 1 | |
| Ancient Protector | 1 | |
16 total
» build order
00:14 Moon Well
00:27 Altar of Elders
00:55 Ancient of War
01:41 Moon Well
02:06 Ancient of War
04:55 Moon Well
05:03 Hunter's Hall
05:04 Tree of Ages
05:49 Moon Well
05:54 Ancient of Wonders
07:44 Ancient of Lore
07:47 Ancient of Lore
07:59 Ancient of Wind
08:46 Ancient Protector
09:04 Moon Well
10:19 Moon Well
» items

»
FoShigz (
teal | 133 APM | 2325 actions | 17:32)
3 Demon Hunter
2 Mana Burn
1 Evasion
1 Priestess of the Moon
1 Trueshot Aura
» actions
| Assign group hotkey | 53 | |
| Basic commands | 18 | |
| Build / train | 66 | |
| Enter build submenu | 19 | |
| Enter hero's abilities submenu | 4 | |
| Give item / drop item | 1 | |
| Right click | 1017 | |
| Select / deselect | 235 | |
| Select group hotkey | 862 | |
| Use ability | 50 | |
2325 total
» units
| Wisp | 19 | |
| Archer | 11 | |
| Hippogryph | 13 | |
| Faerie Dragon | 2 | |
| Druid of the Talon | 2 | |
47 total
» upgrades
| Strength of the Moon | 1 | |
| Moon Armor | 1 | |
| Improved Bows | 1 | |
| Hippogryph Taming | 1 | |
| Strength of the Wild | 1 | |
| Ultravision | 1 | |
| Reinforced Hides | 1 | |
| Nature's Blessing | 1 | |
| Druid of the Talon Training | 1 | |
9 total
» buildings
| Altar of Elders | 1 | |
| Moon Well | 6 | |
| Ancient of War | 2 | |
| Ancient of Wonders | 1 | |
| Hunter's Hall | 1 | |
| Tree of Ages | 1 | |
| Ancient of Wind | 4 | |
| Tree of Life | 2 | |
18 total
» build order
00:16 Altar of Elders
00:31 Moon Well
00:54 Ancient of War
01:35 Moon Well
02:10 Ancient of Wonders
02:34 Ancient of War
03:34 Moon Well
04:04 Hunter's Hall
04:26 Tree of Ages
06:24 Moon Well
07:06 Ancient of Wind
07:17 Ancient of Wind
07:19 Ancient of Wind
07:43 Tree of Life
07:45 Tree of Life
09:05 Moon Well
09:11 Moon Well
14:40 Ancient of Wind
» items
An0n (
green | 39 APM | 689 actions | 17:39)
3 Death Knight
2 Death Coil
1 Death Pact
» actions
| Build / train | 59 | |
| Enter build submenu | 19 | |
| Enter hero's abilities submenu | 3 | |
| Give item / drop item | 2 | |
| Remove unit from queue | 3 | |
| Right click | 289 | |
| Select / deselect | 270 | |
| Use ability | 44 | |
689 total
» units
| Acolyte | 7 | |
| Ghoul | 7 | |
| Goblin Shredder | 1 | |
| Crypt Fiend | 3 | |
| Necromancer | 8 | |
| Meatwagon | 3 | |
| Obsidian Statue | 3 | |
| Abomination | 2 | |
34 total
» upgrades
| Unholy Strength | 3 | |
| Unholy Armor | 3 | |
| Exhume Corpses | 1 | |
| Skeletal Mastery | 1 | |
| Skeletal Longevity | 1 | |
| Disease Cloud | 1 | |
| Web | 1 | |
11 total
» buildings
| Altar of Darkness | 1 | |
| Crypt | 1 | |
| Ziggurat | 8 | |
| Tomb of Relics | 1 | |
| Graveyard | 2 | |
| Halls of the Dead | 1 | |
| Necropolis | 1 | |
| Temple of the Damned | 2 | |
| Slaughterhouse | 2 | |
| Black Citadel | 1 | |
| Spirit Tower | 1 | |
21 total
» build order
00:10 Altar of Darkness
00:14 Crypt
00:40 Ziggurat
00:57 Tomb of Relics
01:34 Ziggurat
02:28 Graveyard
02:39 Graveyard
04:53 Ziggurat
06:11 Halls of the Dead
07:35 Ziggurat
07:36 Ziggurat
07:38 Ziggurat
07:43 Necropolis
08:47 Temple of the Damned
08:52 Temple of the Damned
08:56 Slaughterhouse
09:01 Slaughterhouse
09:05 Black Citadel
09:57 Spirit Tower
10:58 Ziggurat
11:03 Ziggurat
» items
| Rod of Necromancy | 1 | |
| Healing Salve | 1 | |
| Scroll of Town Portal | 2 | |
4 total
texas (
red | 31 APM | 704 actions | 22:36)
3 Far Seer
2 Feral Spirit
1 Chain Lighting
1 Tauren Chieftain
1 Endurance Aura
1 Shadow Hunter
1 Healing Wave
» actions
| Basic commands | 3 | |
| Build / train | 71 | |
| Enter build submenu | 35 | |
| Enter hero's abilities submenu | 5 | |
| Give item / drop item | 1 | |
| Remove unit from queue | 1 | |
| Right click | 204 | |
| Select / deselect | 327 | |
| Use ability | 57 | |
704 total
» units
| Peon | 16 | |
| Grunt | 8 | |
| Demolisher | 1 | |
| Tauren | 7 | |
| Shaman | 6 | |
| Crypt Fiend | 1 | |
39 total
» upgrades
| Spiked Barricades | 1 | |
| Pillage | 1 | |
| Armor | 1 | |
| Berserker Strength | 1 | |
| Shaman Training | 2 | |
| Melee Weapons | 1 | |
| Spirit Walker Training | 1 | |
8 total
» buildings
| Orc Burrow | 7 | |
| Altar of Storms | 1 | |
| Barracks | 1 | |
| War Mill | 1 | |
| Voodoo Lounge | 2 | |
| Watch Tower | 12 | |
| Great Hall | 1 | |
| Stronghold | 1 | |
| Fortress | 1 | |
| Spirit Lodge | 1 | |
| Tauren Totem | 3 | |
31 total
» build order
00:14 Orc Burrow
00:18 Altar of Storms
00:26 Barracks
01:30 War Mill
02:35 Orc Burrow
02:49 Voodoo Lounge
03:33 Watch Tower
03:37 Watch Tower
04:11 Orc Burrow
05:33 Watch Tower
05:37 Watch Tower
05:39 Watch Tower
05:56 Great Hall
06:41 Watch Tower
06:45 Watch Tower
06:55 Watch Tower
07:25 Stronghold
08:01 Voodoo Lounge
10:01 Fortress
10:09 Spirit Lodge
11:23 Orc Burrow
12:01 Watch Tower
12:22 Orc Burrow
12:24 Tauren Totem
12:27 Tauren Totem
12:58 Watch Tower
14:29 Tauren Totem
14:50 Watch Tower
15:53 Orc Burrow
16:09 Watch Tower
16:26 Orc Burrow
» items
| Healing Salve | 2 | |
| Scroll of Protection | 1 | |
| Potion of Lesser Invulnerability | 1 | |
| Scroll of Town Portal | 5 | |
| Lesser Clarity Potion | 1 | |
| Potion of Healing | 1 | |
| Potion of Mana | 1 | |
12 total
team 2 (winner)

»
HellaTough (
blue | 100 APM | 2261 actions | 22:36)
7 Demon Hunter
3 Evasion
3 Mana Burn
1 Metamorphosis
7 Priestess of the Moon
3 Trueshot Aura
3 Scout
1 Starfall
» actions
| Assign group hotkey | 40 | |
| Basic commands | 6 | |
| Build / train | 97 | |
| Enter build submenu | 22 | |
| Enter hero's abilities submenu | 14 | |
| Give item / drop item | 4 | |
| Right click | 539 | |
| Select / deselect | 367 | |
| Select group hotkey | 1113 | |
| Use ability | 59 | |
2261 total
» units
| Wisp | 22 | |
| Huntress | 4 | |
| Hippogryph | 5 | |
| Chimaera | 8 | |
| Faerie Dragon | 3 | |
42 total
» upgrades
| Reinforced Hides | 3 | |
| Strength of the Wild | 3 | |
| Well Spring | 1 | |
| Corrosive Breath | 1 | |
8 total
» buildings
| Altar of Elders | 1 | |
| Moon Well | 8 | |
| Hunter's Hall | 1 | |
| Ancient of War | 1 | |
| Ancient Protector | 5 | |
| Ancient of Wonders | 1 | |
| Tree of Ages | 1 | |
| Tree of Life | 1 | |
| Tree of Eternity | 2 | |
| Ancient of Wind | 1 | |
| Chimaera Roost | 2 | |
24 total
» build order
00:20 Altar of Elders
00:22 Moon Well
01:23 Hunter's Hall
01:43 Ancient of War
01:58 Moon Well
02:26 Ancient Protector
02:51 Moon Well
03:57 Ancient of Wonders
05:02 Tree of Ages
06:00 Tree of Life
06:15 Ancient Protector
06:17 Ancient Protector
06:19 Ancient Protector
06:36 Ancient Protector
07:22 Tree of Eternity
07:23 Tree of Eternity
07:34 Ancient of Wind
10:00 Chimaera Roost
10:06 Chimaera Roost
10:27 Moon Well
12:03 Moon Well
12:42 Moon Well
13:09 Moon Well
19:09 Moon Well
» items
| Moonstone | 1 | |
| Boots of Speed | 1 | |
| Scroll of Regeneration | 2 | |
| Anti-magic Potion | 2 | |
| Orb of Venom | 1 | |
| Potion of Healing | 3 | |
| Scroll of Town Portal | 1 | |
11 total
Mr_Rimmer (
orange | 77 APM | 1732 actions | 22:36)
8 Goblin Tinker
3 Pocket Factory
3 Engineering Upgrade
1 Robo-Goblin
1 Cluster Rockets
» actions
| Assign group hotkey | 21 | |
| Basic commands | 97 | |
| Build / train | 73 | |
| Enter build submenu | 29 | |
| Enter hero's abilities submenu | 9 | |
| Remove unit from queue | 1 | |
| Right click | 658 | |
| Select / deselect | 243 | |
| Select group hotkey | 544 | |
| Use ability | 57 | |
1732 total
» units
| Peasant | 14 | |
| Rifleman | 10 | |
| Mortar Team | 14 | |
38 total
» upgrades
| Gunpowder | 3 | |
| Long Rifles | 1 | |
| Masonry | 3 | |
| Armor | 3 | |
| Fragmentation Shards | 1 | |
11 total
» buildings
| Altar of Kings | 2 | |
| Farm | 12 | |
| Scout Tower | 7 | |
| Arcane Tower | 2 | |
| Blacksmith | 1 | |
| Barracks | 1 | |
| Lumber Mill | 1 | |
| Keep | 1 | |
| Town Hall | 2 | |
| Arcane Vault | 2 | |
| Castle | 1 | |
| Guard Tower | 4 | |
| Workshop | 2 | |
38 total
» build order
00:35 Altar of Kings
00:42 Altar of Kings
00:44 Farm
00:53 Scout Tower
01:13 Farm
01:22 Arcane Tower
02:13 Blacksmith
02:21 Farm
02:32 Barracks
02:55 Lumber Mill
03:26 Keep
04:38 Farm
04:41 Farm
06:23 Town Hall
06:29 Scout Tower
06:32 Arcane Vault
06:38 Arcane Vault
06:56 Scout Tower
06:57 Scout Tower
06:58 Scout Tower
06:59 Scout Tower
07:00 Scout Tower
07:19 Arcane Tower
07:27 Castle
08:06 Guard Tower
08:38 Guard Tower
08:58 Guard Tower
09:24 Guard Tower
09:38 Workshop
11:18 Farm
11:21 Farm
11:22 Farm
18:27 Farm
18:29 Farm
18:33 Farm
18:35 Farm
18:51 Workshop
19:54 Town Hall
» items
| Scroll of Regeneration | 2 | |
| Scroll of Town Portal | 2 | |
| Potion of Healing | 1 | |
| Orb of Fire | 1 | |
6 total
undead_gryphon (
purple | 32 APM | 734 actions | 22:36)
6 Warden
3 Fan of Knives
2 Blink
1 Spirit of Vengeance
2 Priestess of the Moon
1 Trueshot Aura
1 Searing Arrows
1 Goblin Alchemist
1 Healing Spray
» actions
| Assign group hotkey | 17 | |
| Basic commands | 49 | |
| Build / train | 92 | |
| Enter build submenu | 24 | |
| Enter hero's abilities submenu | 9 | |
| Give item / drop item | 5 | |
| Right click | 164 | |
| Select / deselect | 188 | |
| Select group hotkey | 119 | |
| Use ability | 67 | |
734 total
» units
| Wisp | 26 | |
| Archer | 13 | |
| Hippogryph | 10 | |
| Huntress | 5 | |
54 total
» upgrades
| Strength of the Moon | 3 | |
| Moon Armor | 3 | |
| Improved Bows | 1 | |
| Ultravision | 1 | |
| Hippogryph Taming | 1 | |
| Marksmanship | 1 | |
| Well Spring | 1 | |
| Nature's Blessing | 1 | |
| Upgrade Moon Glaive | 1 | |
13 total
» buildings
| Altar of Elders | 1 | |
| Moon Well | 5 | |
| Ancient of War | 2 | |
| Ancient of Wonders | 2 | |
| Hunter's Hall | 1 | |
| Tree of Ages | 1 | |
| Ancient of Wind | 6 | |
| Ancient Protector | 2 | |
| Tree of Life | 1 | |
| Tree of Eternity | 1 | |
22 total
» build order
00:38 Altar of Elders
00:51 Moon Well
01:23 Ancient of War
01:32 Ancient of Wonders
02:05 Moon Well
02:49 Moon Well
03:36 Ancient of War
04:03 Hunter's Hall
04:13 Tree of Ages
05:14 Moon Well
06:18 Moon Well
06:57 Ancient of Wind
06:58 Ancient of Wind
07:05 Ancient of Wind
07:07 Ancient of Wind
07:12 Ancient Protector
07:18 Ancient Protector
09:47 Tree of Life
09:54 Ancient of Wonders
10:01 Tree of Eternity
15:01 Ancient of Wind
15:02 Ancient of Wind
» items
| Boots of Speed | 1 | |
| Scroll of Healing | 1 | |
| Potion of Lesser Invulnerability | 1 | |
| Potion of Healing | 1 | |
| Potion of Mana | 1 | |
| Lesser Clarity Potion | 1 | |
| Orb of Venom | 1 | |
| Anti-magic Potion | 1 | |
| Scroll of Town Portal | 2 | |
10 total
christmascoal (
yellow | 10 APM | 229 actions | 23:04)
» actions
| Basic commands | 4 | |
| Build / train | 20 | |
| Enter build submenu | 38 | |
| Remove unit from queue | 2 | |
| Right click | 47 | |
| Select / deselect | 70 | |
| Use ability | 48 | |
229 total
» units
» upgrades
| Magic Sentry | 1 | |
| Priest Training | 1 | |
| Masonry | 2 | |
| Lumber Harvesting | 1 | |
5 total
» buildings
| Farm | 22 | |
| Scout Tower | 2 | |
| Arcane Tower | 2 | |
| Keep | 1 | |
| Arcane Sanctum | 1 | |
| Lumber Mill | 17 | |
| Arcane Vault | 1 | |
46 total
» build order
00:27 Farm
00:28 Farm
00:29 Farm
00:30 Farm
00:34 Farm
00:36 Farm
01:24 Scout Tower
02:18 Scout Tower
02:42 Arcane Tower
03:00 Arcane Tower
03:44 Keep
06:06 Arcane Sanctum
06:35 Lumber Mill
06:44 Lumber Mill
06:46 Lumber Mill
06:50 Lumber Mill
06:52 Lumber Mill
06:54 Lumber Mill
06:56 Lumber Mill
06:59 Lumber Mill
07:06 Lumber Mill
07:08 Lumber Mill
07:14 Farm
07:17 Farm
07:20 Farm
07:21 Farm
07:59 Lumber Mill
08:00 Lumber Mill
08:04 Farm
08:05 Farm
08:08 Farm
08:08 Farm
08:10 Farm
08:11 Farm
08:13 Lumber Mill
08:14 Lumber Mill
08:17 Farm
08:17 Farm
09:02 Lumber Mill
09:25 Lumber Mill
09:25 Lumber Mill
09:27 Farm
09:28 Farm
10:41 Arcane Vault
10:50 Farm
10:51 Farm
Chat log
(00:38 / Allies) HellaTough: fast expo, chim, hip
(01:48 / Allies) christmascoal: teching to priest
(02:28 / Allies) undead_gryphon: units?
(02:32 / Allies) HellaTough: +wtf
(02:33 / Allies) christmascoal: priest
(02:43 / Allies) HellaTough: chims, hips
(02:49 / Allies) Mr_Rimmer: riflemort
(03:48 / Allies) HellaTough: get a hero wtf
(06:27 / Allies) HellaTough: oj make a shop
(10:29 / Allies) undead_gryphon: yellow build a store for me plz
(10:41 / Allies) HellaTough: he might need a lumber mill first
(13:15 / Allies) HellaTough: b
(13:19 / Allies) HellaTough: tp oj
(13:25 / Allies) HellaTough: yellow tp you fuck
(13:40 / Allies) Mr_Rimmer: base is shit
(13:42 / Allies) Mr_Rimmer: cant hide my range
(15:34 / Allies) christmascoal: sorry im gonna go get some chicken nuggets
(15:35 / Allies) christmascoal: see yas
(15:40 / Allies) HellaTough: f off
(17:09 / All) undead_gryphon: smoked 3v4
(17:15 / All) FoShigz: happens
(17:19 / All) texas: u blow dick
(17:35 / Allies) Mr_Rimmer: gj
(17:41 / Allies) HellaTough: nice
(17:42 / All) HellaTough: gg
(18:03 / All) texas: green is trash
(18:15 / All) HellaTough: you should see yellow
(18:17 / All) Mr_Rimmer: yellow is patroling 1 priest around his tower and massed lumber mills
(18:20 / All) undead_gryphon: lol
(20:35 / All) HellaTough: haha red
(20:36 / Allies) Mr_Rimmer: hahaha
(20:37 / All) HellaTough: good luck
(20:49 / All) texas: WTF
(20:51 / Allies) undead_gryphon: lol
(20:56 / Allies) Mr_Rimmer: ROFL
(21:00 / Allies) Mr_Rimmer: does yellow know what hes doing
(21:01 / All) texas: wtf why cant i attack it lol
(21:05 / Allies) Mr_Rimmer: rofl they cant see the lumber mills
(21:07 / Allies) Mr_Rimmer: what dafuq
(21:13 / All) Mr_Rimmer: YELLOW OP PLZ NERF
(21:15 / All) texas: anon such a shit noob whispering me no
(21:23 / All) texas: Dudes how can i not attack this shit
(21:33 / All) undead_gryphon: idk im gona try
(21:33 / All) HellaTough: weird
(21:37 / All) Mr_Rimmer: Yellow OP I told you
(21:46 / All) texas: i never seen this shit b4 in 14 years
(21:48 / All) texas: Wtf
(21:57 / All) texas: dude try to attack it
(21:58 / Allies) undead_gryphon: i can
(22:00 / All) texas: i cant wtf
(22:02 / All) undead_gryphon: i can
(22:17 / All) texas: i cant